 Dungeon Crawl Stone Soup version 0.26-a0-812-g31a745ddcd (webtiles) character file.

Game seed: 15608891405824553405

81 whatsthevibe the Ducker (level 4, -9/21 HPs)
             Began as a Spriggan Venom Mage on Nov 14, 2020.
             Mangled by an ogre
             ... wielding a +0 giant club
              (30 damage)
             ... on level 4 of the Dungeon.
             The game lasted 00:33:20 (3097 turns).

whatsthevibe the Ducker (Spriggan Venom Mage)       Turns: 3097, Time: 00:33:21

Health: -9/21      AC:  3    Str:  4    XL:     4   Next: 20%
Magic:  9/10       EV: 19    Int: 16    God:
Gold:   126        SH:  0    Dex: 17    Spells: 9/10 levels left

rFire    + . .     SeeInvis +   g - +0 dagger
rCold    + . .     Faith    .   (shield restricted)
rNeg     . . .     Spirit   .   a - +1 robe
rPois    .         Reflect  .   (helmet restricted)
rElec    .         Harm     .   C - scarf {rC+ rF+}
rCorr    .         Rampage  .   (gloves unavailable)
MR       .....                  (boots unavailable)
Stlth    +++.......             (no amulet)
HPRegen  0.07/turn              (no ring)
MPRegen  0.12/turn              (no ring)

@: very quick
A: very small, unfitting armour, see invisible, speed 3
a: no special abilities


You were on level 4 of the Dungeon.
You visited 1 branch of the dungeon, and saw 4 of its levels.

You collected 126 gold pieces.

Inventory:

Hand Weapons
 d - a +0 mace
 e - a +0 club
 g - a +0 dagger (weapon)
 h - a +0 club
 i - a +0 dagger
 j - a +0 club
 k - a +0 club
 l - a +0 dagger
 o - a +0 spear
 q - a +0 mace
 v - a +0 trident
 x - a +0 whip
Missiles
 c - 45 arrows (quivered)
 f - 46 stones
 t - 30 sling bullets
 u - 24 bolts
 w - 16 poisoned darts
 y - a throwing net
Armour
 a - a +1 robe (worn)
 b - a +0 robe
 m - a +0 leather armour
 n - a +0 buckler
 C - a scarf of resistance (worn)
Scrolls
 s - 2 scrolls of remove curse
 D - a scroll of noise
Potions
 p - 2 potions of curing
 z - a potion of lignification
 A - 2 potions of resistance {unknown}
 B - a potion of haste {unknown}


   Skills:
 + Level 0.1 Short Blades
 + Level 3.8 Dodging
 + Level 3.3 Stealth
 + Level 3.5 Spellcasting
 + Level 2.6 Transmutations
 + Level 3.7 Poison Magic


You had 9 spell levels left.
You knew the following spells:

 Your Spells              Type           Power        Failure   Level
a - Sting                 Tmut/Pois      ##..         4%          1

Your spell library contained the following spells:

 Spells                   Type           Power        Failure   Level
 Poisonous Vapours        Pois/Air       #.....       12%         2
 Ignite Poison            Fire/Tmut/Pois #.......     22%         3
 Mephitic Cloud           Conj/Pois/Air  #.......     32%         3
 Olgreb's Toxic Radiance  Pois           ##......     36%         4


Dungeon Overview and Level Annotations

Branches:
Dungeon (4/15)
 Temple: D:4-7

Altars:


Innate Abilities, Weirdness & Mutations

You are very small and have problems with some larger weapons.
You are too small for most types of armour.
You have supernaturally acute eyesight. (SInv)
You cover ground extremely quickly.


Message History

Casting: Sting (safe; 4% risk of failure)
Confirm with . or Enter, or press ? or * to list all spells.
Aiming: Sting (safe; 4% risk of failure)
Press: ? - help, Shift-Dir - straight line, f/p - ogre
Aim: an ogre, wielding a +0 giant club The sting hits the ogre.
The ogre is poisoned.
The ogre is lightly wounded.
You hit the ogre but do no damage.
The ogre is lightly wounded.
The ogre closely misses you.
You hit the ogre.
The ogre is lightly wounded.
You hit the ogre but do no damage.
The ogre is lightly wounded.
The ogre closely misses you.
You hit the ogre.
The ogre is lightly wounded.
The ogre hits you with a +0 giant club!!
Ouch! That really hurt!
You die...

##########
#.(......
##.......#
.........#
......O@.#
...####.##
#.# #.#
#.# #.#
#.# #.#
#.# #.#
#)# #.#
#.#
###.###


You could see an ogre (poisoned).

Vanquished Creatures
  Jessica (D:2)
  2 adders (D:2)
  A worm (D:2)
  2 dart slugs (D:1)
  A leopard gecko (D:2)
  4 goblins
  2 hobgoblins (D:1)
  4 jackals (D:2)
  5 bats
  A frilled lizard (D:2)
  4 kobolds
  6 rats
33 creatures vanquished.

Notes
Turn   | Place    | Note
-------+----------+-------------------------------------------
     0 | D:1      | whatsthevibe the Spriggan Venom Mage began the quest for
                  | the Orb.
     0 | D:1      | Reached XP level 1. HP: 9/9 MP: 5/5
   268 | D:1      | Reached XP level 2. HP: 13/13 MP: 1/7
   367 | D:1      | this is a note!
   988 | D:2      | Reached XP level 3. HP: 9/16 MP: 2/8
  1766 | D:2      | Noticed Jessica
  1771 | D:2      | Killed Jessica
  1771 | D:2      | Reached XP level 4. HP: 21/21 MP: 7/10
  3090 | D:4      | Noticed an ogre
  3097 | D:4      | Mangled by an ogre

Illustrated notes

######.......
...........###.#
.##.######.# #.# #.#
.# ##.###†# #.# .##
#......# #####.###..#
#.....## #.......##.#
#....## #....##.##.#
#....# #...@......#
#....# #)...##....#
#....# #
#....####..###....##.
##.### ##...#....#..
#.# #.#..###...# #.#
#..#.###.... #.#
#......†.... #.#
#.#.###†.... #.#
#.#..##.#...


Turn 367 on D:1: this is a note!

Levels and vault maps discovered:
D:1:      saegor_arrival_simple_b, layout_rooms
D:2:      layout_loops_ring, minmay_puff, uniq_jessica
D:3:      layout_basic, old_standard_altar
D:4:      layout_basic, gup_ossuary_entry_pyramid

Skill      XL: |  1  2 |
---------------+-------+-----
Spellcasting   | 3 |  3.5
Transmutations | 2 |  2.6
Short Blades   | |  0.1
Dodging        | |  3.8
Stealth        | |  3.3
Poison Magic   | |  3.7

Action                   |  1- 3 |  4- 6 || total
-------------------------+-------+-------++-------
Melee: Dagger            |    11 |    18 ||    29
Throw: Stone             |     3 |       ||     3
 Cast: Sting             |    49 |     5 ||    54
  Use: Potion            |     2 |       ||     2
       Scroll            |     5 |     1 ||     6
Armor: Robe              |    11 |     1 ||    12
Dodge: Dodged            |    72 |    10 ||    82

Table legend: (Time is in decaauts)
 A = Elapsed time spent in this place.
 B = Non-inter-level travel time spent in this place.
 C = Inter-level travel time spent in this place.
 D = Time resting spent in this place.
 E = Time spent auto-exploring this place.
 F = Levels seen in this place.
 G = Mean time per level.
                   A        B        C        D        E       F      G
               +--------+--------+--------+--------+--------+-----+--------+
         Total |   2099 |   2072 |     27 |    366 |     28 |   4 |  524.8 |
       Dungeon |   2099 |   2072 |     27 |    366 |     28 |   4 |  524.8 |
               +--------+--------+--------+--------+--------+-----+--------+

Top non-repeatable levels by time:
     D:2: 973 daAuts
     D:3: 573 daAuts
     D:1: 486 daAuts
     D:4: 66 daAuts
